 Dungeon Sprint DCSS version 0.17-a0-1562-g9b2c768 (console) character file.

453 FIQ the Protected (level 6, -1/66 HPs)
             Began as a Deep Dwarf Wanderer on July 21, 2015.
             Was a Believer of Makhleb.
             Slain by a two-headed ogre
             ... wielding a +0 giant spiked club
              (20 damage)
             ... in the Dungeon (Sprint IX: "|||||||||||||||||||||||||||||").
             The game lasted 00:03:43 (213 turns).

FIQ the Protected (Deep Dwarf Wanderer)              Turns: 213, Time: 00:03:43

Health: -1/66      AC: 12    Str: 20    XL:     6   Next: 75%
Magic:  8/8        EV: 10    Int: 16    God:    Makhleb [**....]
Gold:   0          SH:  0    Dex: 12    Spells: 0 memorised, 5 levels left

rFire  . . .     SeeInvis .     s - +1 broad axe (chop)
rCold  . . .     Clarity  .     q - +2 ring mail
rNeg   . . .     SustAt   .     (no shield)
rPois  .         Gourm    .     (no helmet)
rElec  .         Spirit   .     r - +0 cloak
rCorr  .         Warding  .     (no gloves)
rMut   .         NoTele   +     d - +0 pair of boots
MR     .....                    (no amulet)
Stlth  +.........               p - +3 ring of intelligence
                                o - +3 ring of strength

@: non-regenerating, not resistant to hostile enchantments, very unstealthy
A: damage resistance, recharge devices, sense surroundings 1, slow healing 3
a: Device Recharging, Minor Destruction, Renounce Religion


You were in the Dungeon.
You worshipped Makhleb.
Makhleb was pleased with you.
You were not hungry.

You visited 1 branch

Inventory:

Hand weapons
 s - a +1 broad axe of chopping (weapon)
Armour
 d - a +0 pair of boots (worn)
 q - a +2 ring mail (worn)
 r - a +0 cloak (worn)
Jewellery
 o - a +3 ring of strength (left hand)
 p - a +3 ring of intelligence (right hand)
Magical devices
 e - a wand of heal wounds (5)
 n - a wand of cold (4)
Scrolls
 b - 3 scrolls of blinking
 l - 3 scrolls of remove curse
 m - 2 scrolls of amnesia
Potions
 a - a potion of invisibility
 g - 5 potions of curing
 h - 3 potions of heal wounds
 i - a potion of haste
 j - 4 potions of magic
 k - a potion of berserk rage
Comestibles
 c - 13 chunks of flesh
 f - a bread ration


   Skills:
 + Level 7.6 Fighting
 + Level 9.1 Axes
 - Level 3.0 Throwing
 + Level 9.9 Armour
 - Level 1.2 Stealth
 + Level 2.7 Invocations


You had 5 spell levels left.
You didn't know any spells.

Dungeon Overview and Level Annotations

Branches:
Dungeon (1/1)

Altars:
Cheibriados
Dithmenos
Elyvilon
Fedhas
Gozag
Kikubaaqudgha
Makhleb
Nemelex Xobeh
Okawaru
Qazlal
Ru
Sif Muna
Trog
Vehumet
Xom
Yredelemnul
Zin
The Shining One
Beogh
Jiyva
Lugonu


Innate Abilities, Weirdness & Mutations

You are resistant to damage.
You can recharge devices by infusing magical energy.
You passively map a small area around you.
You do not heal naturally.


Message History

Things that are here:
an uncursed shortbow; 9 arrows You see here a giant club.
Things that are here:
a trident; a rat corpse; an orc corpse You open the door.
A wasp, a scorpion, an orc warrior, a two-headed ogre, a cyclops and a wight come into view.
The cyclops shouts!
You slash the two-headed ogre!
The two-headed ogre is heavily wounded.
The two-headed ogre closely misses you. x2
You hit the two-headed ogre.
The two-headed ogre is severely wounded.
The two-headed ogre hits you with a giant spiked club!
* * * LOW HITPOINT WARNING * * *
The two-headed ogre hits you but does no damage.
You barely miss the two-headed ogre.
The two-headed ogre is severely wounded.
The two-headed ogre hits you with a giant spiked club!!
You die...

▓.▓ ,
▓[▓,
▓.▓ *
▓.▓ *
▓(▓,
▓)▓
*,
▓)▓ ,
*,
▓)▓
▓)▓,*
* ▓.▓
+ , *
▓@▓
▓O▓ *
▓C▓
,*
▓z▓ *
▓y▓ *
▓s▓,
, ▓o▓
, *
▓.▓,
, *
*,*
*,


You could see a cyclops, a two-headed ogre, an orc warrior, a wasp, a scorpion
and a wight.

Vanquished Creatures
  A deep elf mage (D)
  A centaur (D)
  2 ogres (D)
  A hound (D)
  2 orcs (D)
  2 bats (D)
  3 hobgoblins (D)
  A kobold (D)
  3 rats (D)
16 creatures vanquished.

Notes
Turn   | Place    | Note
--------------------------------------------------------------
     0 | D        | FIQ the Deep Dwarf Wanderer began the quest for the Orb.
     0 | D        | FIQ set off with: a +2 dagger, 2 scrolls of blinking, a +0 hand axe, a +0 ring mail, a wand of heal wounds (5), a bread ration, a potion of curing, a potion of heal wounds, a potion of haste, 2 potions of magic, a potion of berserk rage
     0 | D        | Reached XP level 1. HP: 19/19 MP: 1/1
    39 | D        | Noticed a hound
    49 | D        | Killed a hound
    49 | D        | Reached skill level 5 in Armour
    49 | D        | Reached XP level 2. HP: 21/28 MP: 2/2
    49 | D        | Reached XP level 3. HP: 25/34 MP: 3/3
    76 | D        | Found a glowing silver altar of Zin.
    76 | D        | Found a glowing golden altar of the Shining One.
    76 | D        | Found an ancient bone altar of Kikubaaqudgha.
    76 | D        | Found a basalt altar of Yredelemnul.
    76 | D        | Found a shimmering altar of Xom.
    76 | D        | Found a radiant altar of Vehumet.
    77 | D        | Found an iron altar of Okawaru.
    78 | D        | Found a burning altar of Makhleb.
    79 | D        | Found a deep blue altar of Sif Muna.
    80 | D        | Found a bloodstained altar of Trog.
    81 | D        | Found a sparkling altar of Nemelex Xobeh.
    82 | D        | Found a white marble altar of Elyvilon.
    83 | D        | Found a roughly hewn altar of Beogh.
    84 | D        | Found a viscous altar of Jiyva.
    85 | D        | Found a corrupted altar of Lugonu.
    86 | D        | Found a blossoming altar of Fedhas.
    87 | D        | Found a snail-covered altar of Cheibriados.
    88 | D        | Found a shadowy altar of Dithmenos.
    89 | D        | Found a stormy altar of Qazlal.
    90 | D        | Found an opulent altar of Gozag.
    91 | D        | Found a sacrificial altar of Ru.
   114 | D        | Became a worshipper of Makhleb the Destroyer
   185 | D        | Noticed a deep elf mage
   185 | D        | Noticed an ogre
   185 | D        | Noticed an ogre
   185 | D        | Noticed a centaur
   189 | D        | Killed an ogre
   189 | D        | Acquired Makhleb's first power
   189 | D        | Reached skill level 5 in Fighting
   189 | D        | Reached skill level 6 in Axes
   189 | D        | Reached skill level 7 in Armour
   189 | D        | Reached XP level 4. HP: 17/46 MP: 4/4
   190 | D        | Killed a deep elf mage
   190 | D        | Reached skill level 9 in Armour
   190 | D        | Reached XP level 5. HP: 19/56 MP: 5/5
   190 | D        | Reached XP level 6. HP: 21/63 MP: 6/6
   191 | D        | Killed an ogre
   191 | D        | Acquired Makhleb's second power
   194 | D        | Killed a centaur
   210 | D        | Noticed a two-headed ogre
   210 | D        | Noticed a wight
   210 | D        | Noticed a cyclops
   210 | D        | Noticed a wasp
   210 | D        | Noticed a scorpion
   210 | D        | Noticed an orc warrior
   213 | D        | Slain by a two-headed ogre

Vault maps used:
D:        linesprint

Action                   |  1- 3 |  4- 6 || total
-------------------------+-------+-------++-------
Melee: Dagger            |    22 |       ||    22
       Hand axe          |    28 |       ||    28
       Broad axe         |     1 |     6 ||     7
Evoke: Wand              |     1 |     2 ||     3
